 Dungeon Crawl Stone Soup version 0.29-a0-541-gaf1fc19f1b (webtiles) character file.

Game seed: 10700358020882445363

3717 YayAnonymity the Blocker (level 10, 0/81 HPs)
             Began as a Gnoll Fighter on June 3, 2022.
             Was a Believer of Elyvilon.
             Slain by an orc priest
             ... wielding a +0 flail
              (11 damage)
             ... on level 8 of the Dungeon.
             The game lasted 00:13:53 (10648 turns).

YayAnonymity the Blocker (Gnoll Fighter)           Turns: 10648, Time: 00:13:53

Health: 0/81       AC:  0    Str: 19    XL:     10   Next: 14%
Magic:  15/17      EV: 16    Int:  7    God:    Elyvilon [**....]
Gold:   396        SH:  0    Dex: 13    Spells: 19/19 levels left

rFire   . . .      SeeInvis .     - Unarmed
rCold   . . .      Faith    .   (shield currently unavailable)
rNeg    . . .      Spirit   .   (body armour currently unavailable)
rPois   .          Reflect  .   (helmet currently unavailable)
rElec   .          Harm     .   (cloak currently unavailable)
rCorr   .          Rampage  .   (gloves currently unavailable)
Will    .....                   (boots currently unavailable)
Stlth   +++.......              m - amulet of regeneration
HPRegen 1.03/turn               (ring currently unavailable)
MPRegen 0.15/turn               (ring currently unavailable)

@: mighty, pig-form, very quick
A: fast, no casting, small, (fangs 1), strong nose, distributed training
a: Renounce Religion, Purification, Heal Other


You were on level 8 of the Dungeon.
You worshipped Elyvilon.
Elyvilon was pleased with you.
You were a filthy swine.
You visited 2 branches of the dungeon, and saw 9 of its levels.

You collected 396 gold pieces.

Inventory:

Hand Weapons
 a - a +1 trident (melded)
 s - a +3 dagger
Missiles
 h - a throwing net
 w - 10 poisoned darts
Armour
 c - a +0 buckler (melded)
 u - a +0 cloak (melded)
 B - a +0 chain mail (melded)
Jewellery
 l - a ring of flight (melded)
 m - an amulet of regeneration (around neck)
 y - a +6 ring of dexterity (melded)
Wands
 e - a wand of flame (9)
 n - a wand of polymorph (13)
 v - a wand of charming (6)
 x - a wand of digging (5)
 z - a wand of iceblast (10) (quivered)
 C - a wand of mindburst (4)
Scrolls
 f - 3 scrolls of enchant armour
 g - 2 scrolls of poison
 i - a scroll of teleportation
 k - 3 scrolls of fog
 r - 2 scrolls of magic mapping
 A - a scroll of identify
 D - 3 scrolls of noise {unknown}
Potions
 b - a potion of mutation {unknown}
 j - a potion of lignification
 p - 2 potions of brilliance
 q - 3 potions of curing
 t - a potion of magic {unknown}


   Skills:
 + Level 8.3 Fighting
 + Level 5.0 Short Blades
 + Level 5.0 Long Blades
 + Level 5.0 Axes
 + Level 5.0 Maces & Flails
 + Level 6.8 Polearms
 + Level 5.0 Staves
 + Level 5.0 Slings
 + Level 5.0 Bows
 + Level 5.0 Crossbows
 + Level 5.0 Throwing
 + Level 8.3 Armour
 + Level 5.0 Dodging
 + Level 5.0 Stealth
 + Level 8.3 Shields
 + Level 5.0 Unarmed Combat
 + Level 5.0 Spellcasting
 + Level 4.1 Conjurations
 + Level 4.1 Hexes
 + Level 4.1 Summonings
 + Level 4.1 Necromancy
 + Level 4.1 Translocations
 + Level 4.1 Transmutations
 + Level 4.1 Fire Magic
 + Level 4.1 Ice Magic
 + Level 4.1 Air Magic
 + Level 4.1 Earth Magic
 + Level 4.1 Poison Magic
 + Level 5.5 Invocations
 + Level 5.0 Evocations


You had 19 spell levels left.
You didn't know any spells.
Your spell library contained the following spells:

 Spells                   Type           Power      Damage    Failure   Level
 Slow                     Hex            28%        N/A       5%          1
 Passwall                 Tmut/Erth      5%         N/A       8%          2
 Confusing Touch          Hex            7%         N/A       16%         3
 Vampiric Draining        Necr           7%         2d6       16%         3
 Leda's Liquefaction      Hex/Erth       3%         N/A       45%         4
 Yara's Violent Unravell  Hex/Tmut       3%         3d4       82%         5
 Enfeeble                 Hex            3%         N/A       100%        7


Dungeon Overview and Level Annotations

Branches:
Dungeon (8/15)             Temple (1/1) D:5
   Lair: D:8-11

Altars:
Ashenzari
Cheibriados
Elyvilon
Fedhas
Gozag
Kikubaaqudgha
Makhleb
Nemelex Xobeh
Qazlal
Ru
Sif Muna
Trog
Uskayaw
Vehumet
Wu Jian
Xom
Yredelemnul
Zin
The Shining One
Lugonu

Annotations:
D:6 3 runed translucent doors, Pelinal's ghost, novice HOFi; turdburglar's ghost, novice DsFi
D:8 Psyche


Innate Abilities, Weirdness & Mutations

You are a filthy swine.
You move quickly.
Your equipment is almost entirely melded.
You are incapable of wielding weapons or throwing items.
You cannot cast spells.
((You have very sharp teeth.))
Your uncanny sense of smell can sniff out nearby items.
Your experience applies equally to all skills.


Message History

You hit the orc.
The orc is heavily wounded.
Psyche misses you. The orc misses you.
You hit the orc but do no damage.
The orc is heavily wounded.
Psyche barely misses you. The orc misses you.
You hit the orc.
You kill the orc!
Psyche gestures wildly while chanting.
Psyche flickers and vanishes!
Deactivating autopickup; reactivate with Ctrl-A.
You closely miss the orc priest. The orc priest misses you. Something hits you!
You feel your power leaking away.
You are too injured to fight recklessly!
You are too injured to fight recklessly!
You are too injured to fight recklessly!
You are too injured to fight recklessly!
You hit the orc priest.
The orc priest is moderately wounded.
Something hits you. Something burns you.
The orc priest hits you with a +0 flail.
You bite the orc priest!
The orc priest is severely wounded.
Something hits you!
* * * LOW HITPOINT WARNING * * *
The orc priest closely misses you.
You hit the orc priest but do no damage.
The orc priest is severely wounded.
Something hits you.
* * * LOW HITPOINT WARNING * * *
Something freezes you.
* * * LOW HITPOINT WARNING * * *
The orc priest closely misses you.
You barely miss the orc priest.
The orc priest is severely wounded.
Something hits you.
* * * LOW HITPOINT WARNING * * *
You feel very mighty all of a sudden.
The orc priest hits you with a +0 flail!
You die...

##.#.### ##.###
#..#...###
#...>.#
.......(###......
##.......#.<....
#............##
#...........#...
#..............
##......###..#.
#h{##...#
#)o.#...#
.........###
#....#...<..#
###..#...........
#..##.....#.(..
#..##......##..
..###........ ?
###..##...


You could see an orc priest.

Vanquished Creatures
  3 yaks (D:5)
  The ghost of sirJeffrey23 the Insei, an amateur DsMo (D:4)
  Menkaure (D:5)
  A steam dragon (D:7)
  A water moccasin (D:6)
  2 orc warriors
  2 sky beasts
  2 black bears (D:5)
  4 ogres
  2 centaurs
  A kobold brigand (D:6)
  4 bullfrogs
  A gnoll sergeant (D:6)
  2 scorpions (D:7)
  3 wights (D:6)
  6 killer bees (D:7)
  2 howler monkeys
  2 jellies (D:6)
  3 hounds
  2 orc priests (D:5)
  Jessica (D:3)
  Ijyb (D:5)
  3 iguanas
  6 orc wizards
  6 gnolls
  7 adders
  2 shadow imps
  2 white imps
  2 ufetubi
  10 worms
  2 dart slugs
  13 orcs
  4 ball pythons
  9 bats
  13 endoplasms
  4 giant cockroaches
  6 goblins
  5 hobgoblins
  2 jackals (D:1)
  A quokka (D:1)
  2 frilled lizards
  12 kobolds
  6 rats
164 creatures vanquished.

Vanquished Creatures (others)
  A human (D:3)
1 creature vanquished.

Grand Total: 165 creatures vanquished

Notes
Turn   | Place    | Note
-------+----------+-------------------------------------------
     0 | D:1      | YayAnonymity the Gnoll Fighter began the quest for the Orb.
     0 | D:1      | Reached XP level 1. HP: 23/23 MP: 1/1
    37 | D:1      | Found a faded altar of an unknown god.
    77 | D:1      | Reached XP level 2. HP: 27/29 MP: 2/2
   852 | D:2      | Reached XP level 3. HP: 35/35 MP: 3/3
  1179 | D:2      | Reached skill level 1 in Invocations
  1382 | D:2      | Reached skill level 1 in Short Blades
  1382 | D:2      | Reached skill level 1 in Long Blades
  1382 | D:2      | Reached skill level 1 in Axes
  1382 | D:2      | Reached skill level 1 in Maces & Flails
  1382 | D:2      | Reached skill level 1 in Staves
  1382 | D:2      | Reached skill level 1 in Slings
  1382 | D:2      | Reached skill level 1 in Bows
  1382 | D:2      | Reached skill level 1 in Crossbows
  1382 | D:2      | Reached skill level 1 in Throwing
  1382 | D:2      | Reached skill level 1 in Dodging
  1382 | D:2      | Reached skill level 1 in Stealth
  1382 | D:2      | Reached skill level 1 in Unarmed Combat
  1382 | D:2      | Reached skill level 1 in Spellcasting
  1382 | D:2      | Reached skill level 1 in Evocations
  1528 | D:2      | Reached XP level 4. HP: 40/41 MP: 5/5
  2024 | D:3      | Reached skill level 1 in Conjurations
  2024 | D:3      | Reached skill level 1 in Hexes
  2024 | D:3      | Reached skill level 1 in Summonings
  2024 | D:3      | Reached skill level 1 in Necromancy
  2024 | D:3      | Reached skill level 1 in Translocations
  2024 | D:3      | Reached skill level 1 in Transmutations
  2024 | D:3      | Reached skill level 1 in Fire Magic
  2024 | D:3      | Reached skill level 1 in Ice Magic
  2024 | D:3      | Reached skill level 1 in Air Magic
  2024 | D:3      | Reached skill level 1 in Earth Magic
  2024 | D:3      | Reached skill level 1 in Poison Magic
  2072 | D:3      | Found an ancient bone altar of Kikubaaqudgha.
  2073 | D:3      | Noticed a human
  2077 | D:3      | Killed a human
  2106 | D:3      | Found an ornate altar of the Wu Jian Council.
  2273 | D:3      | Reached XP level 5. HP: 47/47 MP: 5/7
  2732 | D:3      | Noticed Jessica
  2742 | D:3      | Killed Jessica
  2873 | D:3      | Found a shimmering blue altar of Sif Muna.
  2921 | D:4      | Noticed a centaur
  2929 | D:4      | Killed a centaur
  2930 | D:4      | Reached XP level 6. HP: 53/53 MP: 8/8
  3000 | D:4      | Reached skill level 5 in Polearms
  3297 | D:5      | Entered Level 5 of the Dungeon
  3308 | D:5      | Reached XP level 7. HP: 25/60 MP: 10/10
  3535 | D:4      | Found a transporter.
  3541 | D:4      | Found a transporter.
  3541 | D:4      | Noticed sirJeffrey23's ghost (amateur DsMo)
  4370 | D:5      | Found a staircase to the Ecumenical Temple.
  4377 | Temple   | Entered the Ecumenical Temple
  4435 | D:5      | Noticed Ijyb
  4445 | D:5      | Killed Ijyb
  4449 | D:5      | Found a glowing silver altar of Zin.
  4604 | D:5      | Found a broken altar of Ashenzari.
  4620 | D:5      | Reached XP level 8. HP: 54/67 MP: 12/12
  4690 | D:5      | Found a snail-covered altar of Cheibriados.
  5259 | D:6      | Found a burning altar of Makhleb.
  5591 | Temple   | Became a worshipper of Elyvilon the Healer
  5944 | D:5      | Noticed Menkaure
  5957 | D:5      | Killed Menkaure
  6666 | D:5      | Found a blossoming altar of Fedhas.
  6847 | D:5      | Noticed a yak
  6848 | D:5      | Noticed a yak
  6850 | D:5      | Noticed a yak
  6864 | D:5      | Killed a yak
  6865 | D:5      | Reached XP level 9. HP: 60/72 MP: 14/14
  7390 | D:5      | Reached * piety under Elyvilon
  8106 | D:6      | Found a glowing golden altar of the Shining One.
  8487 | D:6      | Found a runed translucent gate.
  8488 | D:6      | Found a runed translucent gate.
  8489 | D:6      | Found a runed translucent gate.
  8490 | D:6      | Noticed turdburglar's ghost (novice DsFi)
  8490 | D:6      | Noticed Pelinal's ghost (novice HOFi)
  9271 | D:6      | Got Heimmye's Compendium of the Fetching Mountains
  9401 | D:4      | Killed sirJeffrey23's ghost
  9588 | D:7      | Reached skill level 5 in Invocations
 10099 | D:7      | Reached ** piety under Elyvilon
 10102 | D:7      | Found a bloodstained altar of Trog.
 10177 | D:7      | Reached XP level 10. HP: 52/80 MP: 17/17
 10530 | D:7      | HP: 4/80 [killer bee (3)]
 10530 | D:7      | Elyvilon protects you from harm!
 10535 | D:7      | HP: 3/80 [killer bee (5)]
 10540 | D:7      | Reached skill level 5 in Short Blades
 10540 | D:7      | Reached skill level 5 in Long Blades
 10540 | D:7      | Reached skill level 5 in Axes
 10540 | D:7      | Reached skill level 5 in Maces & Flails
 10540 | D:7      | Reached skill level 5 in Staves
 10540 | D:7      | Reached skill level 5 in Slings
 10540 | D:7      | Reached skill level 5 in Bows
 10540 | D:7      | Reached skill level 5 in Crossbows
 10540 | D:7      | Reached skill level 5 in Throwing
 10540 | D:7      | Reached skill level 5 in Dodging
 10540 | D:7      | Reached skill level 5 in Stealth
 10540 | D:7      | Reached skill level 5 in Unarmed Combat
 10540 | D:7      | Reached skill level 5 in Spellcasting
 10540 | D:7      | Reached skill level 5 in Evocations
 10634 | D:8      | Noticed Psyche
 10648 | D:8      | Slain by an orc priest

Illustrated notes

Levels and vault maps discovered:
D:1:      heliophobic_arrival_battle_scene, layout_rooms,
          shapermc_ecumenical_altar_totnotflames, chequers_serial_rivers_room_b
D:2:      layout_basic, dk_noncrumbling_2, minmay_indecisive_spiral
D:3:      layout_loops_ring, nzn_wu_jian_contemplation, tgw_kikubaaqudgha,
          tgw_sif
D:4:      layout_basic, gammafunk_ghost_arena, nicolae_wormholes
D:5:      layout_rooms, mainiacjoe_overflow_boulevard, old_standard_altar,
          mainiacjoe_overflow_swirl, minmay_temple_entry_ruins,
          serial_co_window_serial, co_window_of_opportunity_a,
          co_window_corner_a, co_window_paths_a, co_window_paths_a,
          co_window_corner_a, co_window_corner_ca, co_window_unsneaky_path_e,
          co_window_2corner, co_window_paths_c, co_window_of_opportunity_c,
          co_window_paths_c, co_window_2corner, co_window_paths_e,
          glass_columns_b, glass_columns_a, glass_columns_c, glass_columns_a,
          glass_columns_c, uniq_ijyb, uniq_menkaure
D:6:      layout_basic, bloody_makhleb, tso_oasis_becter,
          gammafunk_ghost_cemetery, corexii_corridor_pit,
          hangedman_decor_diamond_cutter, lemuel_flame_loot_1
D:7:      layout_gridville, marbit_many_paths, grunt_ogre_cave
D:8:      layout_cave_pools, worldfamousw_hep_ancestral_shrine, centaur_isle,
          uniq_psyche
Temple:   corrupted_temple

Skill      XL: |  1  2  3  4  5  6  7  8  9 10 |
---------------+-------------------------------+-----
Invocations    | 1 2 3 4 5 |  5.5
Short Blades   | 1 2 3 4 5 |  5.0
Long Blades    | 1 2 3 4 5 |  5.0
Axes           | 1 2 3 4 5 |  5.0
Maces & Flails | 1 2 3 4 5 |  5.0
Staves         | 1 2 3 4 5 |  5.0
Slings         | 1 2 3 4 5 |  5.0
Bows           | 1 2 3 4 5 |  5.0
Crossbows      | 1 2 3 4 5 |  5.0
Throwing       | 1 2 3 4 5 |  5.0
Dodging        | 1 2 3 4 5 |  5.0
Stealth        | 1 2 3 4 5 |  5.0
Unarmed Combat | 1 2 3 4 5 |  5.0
Spellcasting   | 1 2 3 4 5 |  5.0
Evocations     | 1 2 3 4 5 |  5.0
Conjurations   | 1 2 3 4 |  4.1
Hexes          | 1 2 3 4 |  4.1
Summonings     | 1 2 3 4 |  4.1
Necromancy     | 1 2 3 4 |  4.1
Translocations | 1 2 3 4 |  4.1
Transmutations | 1 2 3 4 |  4.1
Fire Magic     | 1 2 3 4 |  4.1
Ice Magic      | 1 2 3 4 |  4.1
Air Magic      | 1 2 3 4 |  4.1
Earth Magic    | 1 2 3 4 |  4.1
Poison Magic   | 1 2 3 4 |  4.1
Polearms       | 5 6 |  6.8
Fighting       | 7 8 |  8.3
Armour         | 7 8 |  8.3
Shields        | 7 8 |  8.3

Action                   |  1- 3 |  4- 6 |  7- 9 | 10-12 || total
-------------------------+-------+-------+-------+-------++-------
Melee: Trident           |   117 |   156 |   461 |    49 ||   783
       Bite              |    11 |    16 |    52 |     4 ||    83
       Unarmed           |       |       |       |     8 ||     8
Throw: Throwing net      |       |       |       |     1 ||     1
Invok: Purification      |       |       |     2 |     1 ||     3
Evoke: Wand              |       |       |       |     1 ||     1
  Use: Scroll            |       |     1 |    16 |       ||    17
       Potion            |       |       |     1 |     5 ||     6
Armor: Scale mail        |    29 |    64 |   163 |       ||   256
       Chain mail        |       |       |    27 |    44 ||    71
Dodge: Dodged            |    30 |    60 |   195 |    61 ||   346
Block: Buckler           |    16 |    36 |   129 |    31 ||   212

Table legend: (Time is in decaauts)
 A = Elapsed time spent in this place.
 B = Non-inter-level travel time spent in this place.
 C = Inter-level travel time spent in this place.
 D = Time resting spent in this place.
 E = Time spent auto-exploring this place.
 F = Levels seen in this place.
 G = Mean time per level.
                   A        B        C        D        E       F      G
               +--------+--------+--------+--------+--------+-----+--------+
         Total |  10713 |  10298 |    415 |   2231 |   6266 |   9 | 1190.3 |
       Dungeon |  10634 |  10249 |    385 |   2231 |   6244 |   8 | 1329.2 |
        Temple |     78 |     49 |     29 |      0 |     22 |   1 |   78.0 |
               +--------+--------+--------+--------+--------+-----+--------+

Top non-repeatable levels by time:
     D:5: 3013 daAuts
     D:6: 2199 daAuts
     D:4: 1402 daAuts
     D:2: 1208 daAuts
     D:7: 1048 daAuts
     D:3: 935 daAuts
     D:1: 780 daAuts
  Temple: 78 daAuts
     D:8: 45 daAuts
